 Seeded DCSS version 0.30-a0-368-g86fb4627a9 (webtiles) character file.

Game seed: 4866231847754521613 (custom seed)

277 purpskrrrp the Trooper (level 6, -7/48 HPs)
             Began as a Demonspawn Fighter on Nov 18, 2022.
             Mangled by Duvessa
             ... wielding a +2 short sword of venom
              (17 damage)
             ... on level 4 of the Dungeon.
             The game lasted 00:05:50 (2976 turns).

purpskrrrp the Trooper (Demonspawn Fighter)         Turns: 2976, Time: 00:05:51

Health: -7/48      AC:  8    Str: 26    XL:     6   Next: 4%
Magic:  19/19      EV: 10    Int:  9    God:
Gold:   254        SH:  0    Dex: 13    Spells: 11/11 levels left

rFire   x . .      SeeInvis +    a - +0 war axe
rCold   . . .      Faith    .    (no shield)
rNeg    . . .      Spirit   .    b - +1 scale mail
rPois   +          Reflect  .    (no helmet)
rElec   .          Harm     .    (no cloak)
rCorr   .          Rampage  .    (no gloves)
Will    .....                    (no boots)
Stlth   ..........               (no amulet)
HPRegen 0.28/turn                r - ring of Ykarid {Contam rPois rF- MP+9 Str+8}
MPRegen 0.16/turn                m - ring of see invisible

@: mighty, lethally poisoned (-7 -> -14), studying Spellcasting
A: sharp scales 1, demonic touch 1
a: no special abilities


You were on level 4 of the Dungeon.
You visited 1 branch of the dungeon, and saw 4 of its levels.

You collected 254 gold pieces.

Inventory:

Hand Weapons
 a - a +0 war axe (weapon)
Armour
 b - a +1 scale mail (worn)
 c - a +0 buckler
Jewellery
 l - a ring of ice
 m - a ring of see invisible (right hand)
 r - the ring of Ykarid (left hand) {Contam rPois rF- MP+9 Str+8}
   (You acquired it on level 2 of the Dungeon)

   [ring of poison resistance]

   Str:       It affects your strength (+8).
   rF:        It makes you vulnerable to fire.
   rPois:     It protects you from poison.
   MP:        It affects your magic capacity (+9).
   Contam:    It causes magical contamination when unequipped.
Wands
 s - a wand of flame (15)
Scrolls
 g - a scroll of enchant armour
 h - 2 scrolls of teleportation
 j - a scroll of magic mapping
 p - a scroll of poison
 q - a scroll of noise {unknown}
 t - a scroll of brand weapon {unknown}
 u - a scroll of amnesia {unknown}
 v - a scroll of torment {unknown}
Potions
 e - 3 potions of mutation
 f - 2 potions of degeneration
 i - 2 potions of haste {unknown}
 n - 3 potions of lignification
 o - a potion of attraction
 w - a potion of resistance


   Skills:
 + Level 4.0 Fighting
 * Level 3.9 Axes
 - Level 3.2 Armour
 + Level 1.3 Dodging
 - Level 2.7 Shields
 * Level 3.0 Spellcasting


You had 11 spell levels left.
You didn't know any spells.
Your spell library was empty.

Dungeon Overview and Level Annotations

Branches:
Dungeon (4/15)
 Temple: D:4-7

Altars:
Hepliaklqana

Annotations:
D:4 Duvessa


Innate Abilities, Weirdness & Mutations

You are partially covered in razor-sharp scales. (AC +1, Slay +1)
Your touch may inflict minor irresistible damage on your foes.


Message History

You are too injured to fight recklessly!
You are too injured to fight recklessly!
You are too injured to fight recklessly!
You are too injured to fight recklessly!
You are too injured to fight recklessly!
You are too injured to fight recklessly!
You are too injured to fight recklessly!
You are too injured to fight recklessly!
You are too injured to fight recklessly!
You are too injured to fight recklessly!
You feel very mighty all of a sudden. Duvessa misses you.
A dart slug comes into view.
Duvessa completely misses you.
You barely miss Duvessa.
You touch Duvessa!
Duvessa is moderately wounded.
The orc wizard casts a spell at you. You resist with some effort.
Duvessa closely misses you.
You hear a shout!
You slash Duvessa!
You touch Duvessa!
Duvessa is severely wounded.
Duvessa barely misses you.
Duvessa hits you with a +2 short sword of venom!
* * * LOW HITPOINT WARNING * * *
A hobgoblin comes into view.
You slash Duvessa!
Duvessa is severely wounded.
Duvessa hits you but does no damage.
You are lethally poisoned!
Duvessa barely misses you. The dart slug launches a dart at you.
The slug dart misses you.
You feel better.
Duvessa hits you with a +2 short sword of venom.
* * * LOW HITPOINT WARNING * * *
You are poisoned.
An orc comes into view. It is wielding a +0 dagger.
An orc comes into view. It is wielding a +0 war axe.
Duvessa hits you with a +2 short sword of venom!
You die...

............##
#####...###### +#
#o
#...###..###.###.o
#....)....#...#.g#
#...###.#.#...w..#
#>[.###.#.......##
#.......#...o.....
###.##..#.#.......
#.##....@e.#.
#.......##......
####.##.# #..##
#....w.. ...
....##.... .
.......##.##
#.##.##. .# #. #.
. .# .. #


You could see Duvessa (berserk), an orc wizard, 2 dart slugs, 2 orcs and a
hobgoblin.

Vanquished Creatures
  Dowan (D:4)
  An orc wizard (D:3)
  An iguana (D:2)
  Natasha (twice) (D:4)
  4 adders
  2 dart slugs (D:1)
  9 orcs
  7 endoplasms
  2 giant cockroaches (D:3)
  6 goblins
  7 hobgoblins
  4 jackals (D:1)
  7 kobolds
  2 quokkas
  5 ball pythons
  10 bats
  A frilled lizard (D:1)
  7 rats
78 creatures vanquished.

Notes
Turn   | Place    | Note
-------+----------+-------------------------------------------
     0 | D:1      | purpskrrrp the Demonspawn Fighter began the quest for the
                  | Orb.
     0 | D:1      | Reached XP level 1. HP: 18/18 MP: 1/1
   128 | D:1      | Gained mutation: Your touch may inflict minor irresistible
                  | damage on your foes. [demonic ancestry]
   128 | D:1      | Reached XP level 2. HP: 15/24 MP: 2/2
   339 | D:1      | Reached XP level 3. HP: 22/29 MP: 3/3
   937 | D:2      | Reached XP level 4. HP: 26/35 MP: 4/4
  1569 | D:2      | Identified 2 scrolls of acquirement
  1569 | D:2      | Acquired the ring of Ykarid {Contam rPois rF- MP+9 Str+8}
  1572 | D:2      | Acquired a manual of Spellcasting
  1735 | D:3      | Found a faded altar of an unknown god.
  2111 | D:3      | Reached skill level 1 in Spellcasting
  2111 | D:3      | Reached XP level 5. HP: 34/42 MP: 7/7
  2234 | D:3      | Found a hazy altar of Hepliaklqana.
  2555 | D:3      | You fall into a shaft and drop 1 floor!
  2567 | D:4      | Noticed Natasha
  2576 | D:4      | Killed Natasha
  2581 | D:4      | Reached skill level 1 in Dodging
  2899 | D:4      | Noticed Natasha
  2907 | D:4      | Killed Natasha
  2908 | D:4      | Reached skill level 4 in Fighting
  2938 | D:4      | Noticed Dowan
  2947 | D:4      | Killed Dowan
  2948 | D:4      | Gained mutation: You are partially covered in razor-sharp
                  | scales. (AC +1, Slay +1) [demonic ancestry]
  2948 | D:4      | Reached XP level 6. HP: 47/48 MP: 10/10
  2967 | D:4      | Noticed Duvessa
  2976 | D:4      | Mangled by Duvessa

Illustrated notes

Levels and vault maps discovered:
D:1:      dpeg_arrival_arbitrary_c, layout_basic
D:2:      layout_loops_ring, kennysheep_minor_cross
D:3:      minmay_chambers_of_twos, layout_loops_ring, overflow_temple_1_default,
          ebering_ecumenical_altar_petrified
D:4:      layout_loops_cross, gammafunk_temple_overflow_elements, dk_vineyard_3,
          uniq_grinder, uniq_natasha, uniq_duvessa

Skill      XL: |  1  2  3  4  5 |
---------------+----------------+-----
Axes           | 2 3 |  3.9
Armour         | 3 |  3.2
Spellcasting   | 1 3 |  3.0
Dodging        | 1 |  1.3
Fighting       | 4 |  4.0
Shields        | |  2.7

Action                   |  1- 3 |  4- 6 || total
-------------------------+-------+-------++-------
Melee: War axe           |    86 |   113 ||   199
       Touch             |       |    16 ||    16
  Use: Scroll            |       |    12 ||    12
       Potion            |       |     2 ||     2
Armor: Scale mail        |    70 |    51 ||   121
Dodge: Dodged            |    61 |    76 ||   137
Block: Buckler           |    26 |    12 ||    38

Table legend: (Time is in decaauts)
 A = Elapsed time spent in this place.
 B = Non-inter-level travel time spent in this place.
 C = Inter-level travel time spent in this place.
 D = Time resting spent in this place.
 E = Time spent auto-exploring this place.
 F = Levels seen in this place.
 G = Mean time per level.
                   A        B        C        D        E       F      G
               +--------+--------+--------+--------+--------+-----+--------+
         Total |   3053 |   2937 |    116 |    181 |   2211 |   4 |  763.2 |
       Dungeon |   3053 |   2937 |    116 |    181 |   2211 |   4 |  763.2 |
               +--------+--------+--------+--------+--------+-----+--------+

Top non-repeatable levels by time:
     D:3: 1064 daAuts
     D:2: 916 daAuts
     D:1: 802 daAuts
     D:4: 269 daAuts
